 Dungeon Crawl Stone Soup version 0.22-a0-99-g1ac4c55 (webtiles) character file.

177 dududu the Charmwright (level 5, 0/42 HPs)
             Began as a Barachi Skald on Jan 25, 2018.
             Slain by an orc priest
             ... wielding a +0 short sword
              (2 damage)
             ... on level 3 of the Dungeon.
             The game lasted 00:14:21 (2392 turns).

dududu the Charmwright (Barachi Skald)              Turns: 2392, Time: 00:14:23

Health: 0/42       AC:  3    Str: 12    XL:     5   Next: 57%
Magic:  12/17      EV: 12    Int: 14    God:
Gold:   147        SH:  0    Dex: 12    Spells: 0/9 levels left

rFire    . . .     SeeInvis .   a - +0 spear
rCold    . . .     Gourm    .   (no shield)
rNeg     . . .     Faith    .   b - +0 leather armour
rPois    .         Spirit   .   (no helmet)
rElec    .         Reflect  .   (no cloak)
rCorr    .         Harm     .   (no gloves)
MR       .....                  (no boots)
Stlth    +.........             (no amulet)
HPRegen  0.14/turn              (no ring)
MPRegen  0.15/turn              n - ring of magical power

@: very slightly contaminated, slow
A: +LOS, swims, slowness 1, strong legs 1
a: Hop


You were on level 3 of the Dungeon.
You were hungry.

You visited 1 branch of the dungeon, and saw 3 of its levels.

You collected 147 gold pieces.

Inventory:

Hand Weapons
 a - a +0 spear (weapon)
Missiles
 e - 14 poisoned needles
 l - 65 stones (quivered)
Armour
 b - a +0 leather armour (worn)
Jewellery
 i - an uncursed amulet of faith
 n - a ring of magical power (right hand)
Scrolls
 g - a scroll of amnesia
 h - 3 scrolls of remove curse
 j - 2 scrolls of identify
Books
 c - a book of Battle

   Spells                             Type                      Level
   a - Infusion                       Charms                       1
   b - Shroud of Golubria             Charms/Translocation         2
   c - Song of Slaying                Charms                       2
   d - Spectral Weapon                Hexes/Charms                 3
   e - Regeneration                   Charms/Necromancy            3
Comestibles
 d - 2 rations
 f - 3 chunks of flesh


   Skills:
 + Level 3.6 Fighting
 * Level 3.0 Polearms
 - Level 1.2 Armour
 - Level 2.1 Dodging
 - Level 2.5 Spellcasting
 * Level 2.4 Hexes
 * Level 4.5 Charms


You couldn't memorise any spells.
You knew the following spells:

 Your Spells              Type           Power        Failure   Level  Hunger
a - Infusion              Chrm           ##..         4%          1    #......
b - Shroud of Golubria    Chrm/Tloc      #.........   17%         2    ###....
c - Spectral Weapon       Hex/Chrm       ##......     21%         3    ###....
d - Regeneration          Chrm/Necr      #.........   32%         3    ###....


Dungeon Overview and Level Annotations

Branches:
Dungeon (3/15)

Altars:
Elyvilon
Qazlal
Xom

Annotations:
D:3 Natasha; Paulus's ghost, amateur MiFi


Innate Abilities, Weirdness & Mutations

Shadows flee at your approach. (+LOS)
You can swim through water.
You cover ground slowly.
You can hop short distances.


Message History

Your spectral weapon barely misses the orc priest.
The orc closely misses you.
The orc priest hits you but does no damage.
You hit the orc priest but do no damage.
The orc priest is heavily wounded.
Your spectral weapon completely misses the orc priest.
Natasha mumbles some strange words.
Natasha glows brightly for a moment.
The orc misses you.
The orc priest hits you with a short sword.
* * * LOW HITPOINT WARNING * * *
You aren't carrying any potions.
Unknown command.
You closely miss the orc priest.
The orc priest is heavily wounded.
You are feeling hungry.
Your spectral weapon barely misses the orc priest.
The orc barely misses you.
The orc priest hits you with a short sword.
You die...

# ###### #### # #....#####
..... # #........# ......
#########.......o#h5.....
+.......รท......(@oo5.....
###.#####.########5......
###.### #.# ##+### #.....#
#.# #.....# ..# #.....#
### ......# #######


You could see an orc priest, Natasha, 2 crimson imps, a white imp, 2 orcs and a
friendly spectral spear.

Vanquished Creatures
  Jessica (D:2)
  Natasha (D:3)
  An iguana (D:2)
  2 adders
  An ooze (D:2)
  4 worms (D:2)
  2 dart slugs
  A leopard gecko (D:1)
  2 orcs (D:3)
  12 bats
  3 giant cockroaches
  9 goblins
  6 hobgoblins
  A quokka (D:3)
  2 ball pythons
  6 frilled lizards
  5 kobolds
  6 rats
65 creatures vanquished.

Notes
Turn   | Place    | Note
-------+----------+-------------------------------------------
     0 | D:1      | dududu the Barachi Skald began the quest for the Orb.
     0 | D:1      | Reached XP level 1. HP: 17/17 MP: 3/3
    56 | D:1      | Found a shadowy altar of Dithmenos.
    76 | D:1      | Reached XP level 2. HP: 21/23 MP: 5/5
    80 | D:1      | Learned a level 2 spell: Shroud of Golubria
   338 | D:1      | Found a shimmering altar of Xom.
   338 | D:1      | Found a white marble altar of Elyvilon.
   339 | D:1      | Found a basalt altar of Yredelemnul.
   339 | D:1      | Found a hide-covered altar of Uskayaw.
   339 | D:1      | Found a radiant altar of Vehumet.
   530 | D:2      | Reached XP level 3. HP: 28/28 MP: 1/6
   580 | D:2      | Learned a level 3 spell: Spectral Weapon
   635 | D:2      | Reached skill level 1 in Hexes
   750 | D:2      | Noticed Jessica
   757 | D:2      | Killed Jessica
   757 | D:2      | Reached skill level 4 in Charms
   757 | D:2      | Reached XP level 4. HP: 35/35 MP: 0/7
  1168 | D:2      | Found a stormy altar of Qazlal.
  1250 | D:2      | Reached XP level 5. HP: 31/41 MP: 3/8
  1489 | D:3      | Learned a level 3 spell: Regeneration
  1918 | D:3      | Noticed Paulus's ghost (amateur MiFi)
  2226 | D:3      | Noticed Natasha
  2241 | D:3      | Killed Natasha
  2378 | D:3      | Noticed Natasha
  2391 | D:3      | HP: 2/42 [orc priest/short sword (3)]
  2392 | D:3      | Slain by an orc priest

Vault maps used:
D:1:      minmay_arrival_hallway, doesnt_xom_only_xom
D:2:      minmay_misc_feat_plants, grunt_qazlal_sundering, uniq_jessica
D:3:      first_ration, supply_closet_lemuel, uniq_natasha

Skill      XL: |  1  2  3  4  5 |
---------------+----------------+-----
Fighting       | 3 |  3.6
Hexes          | 1 2 |  2.4
Charms         | 4 |  4.5
Polearms       | 3 |  3.0
Armour         | |  1.2
Dodging        | |  2.1
Spellcasting   | |  2.5

Action                   |  1- 3 |  4- 6 || total
-------------------------+-------+-------++-------
Melee: Spear             |    95 |   143 ||   238
Throw: Stone             |       |     1 ||     1
 Cast: Infusion          |     7 |     5 ||    12
       Shroud of Golubri |     3 |     3 ||     6
       Spectral Weapon   |     1 |     4 ||     5
 Abil: Hop               |       |     1 ||     1
  Use: Scroll            |       |     6 ||     6
       Potion            |       |     1 ||     1
  Eat: Chunk             |       |     7 ||     7
Armor: Leather armour    |    19 |    20 ||    39
Dodge: Dodged            |    45 |    63 ||   108

Table legend:
 A = Spawn XP
 B = Non-spawn XP
 C = Spawn XP percentage of total XP
 D = Spawn monster count
 E = Non-spawn monster count
 F = Spawn count percentage of total count
 G = Total turns spent on level
                    A         B        C        D         E        F      G
               +---------+---------+-------+---------+---------+-------+---------
         Total |       0 |     253 |   0.0 |       0 |      65 |   0.0 |  2392
               +---------+---------+-------+---------+---------+-------+---------
           D:1 |       0 |      34 |   0.0 |       0 |      20 |   0.0 |   600
           D:2 |       0 |     141 |   0.0 |       0 |      27 |   0.0 |   978
           D:3 |       0 |      78 |   0.0 |       0 |      18 |   0.0 |   814
               +---------+---------+-------+---------+---------+-------+---------
